 Dungeon Crawl Stone Soup version 0.30.0-29-ga12c61a403 (webtiles) character file.

Game seed: 14521954742140029721

42 Graphine the Conjurer (level 3, 0/19 HPs)
             Began as a Deep Elf Conjurer on June 21, 2023.
             Slain by a goblin
             ... wielding a +0 club
             ... led by Robin
              (6 damage)
             ... on level 2 of the Dungeon.
             The game lasted 00:01:20 (1525 turns).

Graphine the Conjurer (Deep Elf Conjurer)           Turns: 1525, Time: 00:01:20

Health: 0/19       AC:  3    Str:  4    XL:     3   Next: 35%
Magic:  2/10       EV: 12    Int: 24    God:
Gold:   97         SH:  0    Dex: 13    Spells: 8/9 levels left

rFire   . . .        (no weapon)
rCold   . . .        (no shield)
rNeg    . . .        a - +0 robe
rPois   .            e - +0 helmet
rElec   .            (no cloak)
rCorr   .            (no gloves)
SInv    .            (no boots)
Will    .....        (no amulet)
Stlth   ++           (no ring)
HPRegen 0.23/turn    (no ring)
MPRegen 0.12/turn

%: no passive effects
@: no status effects
A: no striking features
a: no special abilities


You were on level 2 of the Dungeon.
You visited 1 branch of the dungeon, and saw 2 of its levels.

You collected 97 gold pieces.

Inventory:

Armour
 a - a +0 robe (worn)
 e - a +0 helmet (worn)
Jewellery
 b - a ring of protection from cold
 f - an amulet of the acrobat
Potions
 c - 2 potions of lignification {unknown}
 d - a potion of mutation
 g - a potion of curing


   Skills:
 + Level 0.2 Fighting
 + Level 3.0 Dodging
 + Level 3.2 Stealth
 + Level 3.6 Spellcasting
 + Level 4.7 Conjurations


You had 8 spell levels left.
You knew the following spells:

 Your Spells              Type           Power      Damage    Failure   Level
a - Magic Dart            Conj           100%       1d8       1%          1

Your spell library contained the following spells:

 Spells                   Type           Power      Damage    Failure   Level
 Searing Ray              Conj           54%        2d6       2%          2
 Dazzling Flash           Conj/Hex       30%        N/A       12%         3
 Fulminant Prism          Conj/Hex       7%         3d7       36%         4
 Iskenderun's Mystic Bla  Conj/Tloc      15%        2d5       36%         4


Dungeon Overview and Level Annotations

Branches:
Dungeon (2/15)

Altars:

Annotations:
D:2 Robin


Message History

The magic dart hits the goblin.
The goblin is severely wounded.
The goblin shouts!
You hear a shout! x2
The goblin hits you with a +0 dagger.
The magic dart hits the goblin.
You kill the goblin!
Robin's horned helmet rattles.
Robin roars a battlecry!
The magic dart hits the frilled lizard.
You kill the frilled lizard!
A goblin comes into view. It is wielding a +0 club. x2
The magic dart hits the goblin.
The goblin is severely wounded.
A hobgoblin comes into view.
The magic dart hits Robin.
Robin is lightly wounded.
Robin roars a battlecry!
The hobgoblin goes into a battle-frenzy!
A hobgoblin comes into view.
The hobgoblin shouts!
The magic dart hits the goblin!
You kill the goblin!
Robin throws the goblin at you! The goblin closely misses you.
You are out of magic!
The goblin attacks as you move away! The goblin hits you with a +0 club.
The goblin attacks as you move away! The goblin closely misses you.
The goblin attacks as you move away! The goblin closely misses you.
The goblin attacks as you move away! The goblin hits you with a +0 club.
The goblin barely misses you.
The goblin no longer looks unusually strong.
The hobgoblin hits you.
There is an open door here.
The hobgoblin attacks as you move away! The hobgoblin hits you.
The goblin attacks as you move away! The goblin hits you but does no damage.
The hobgoblin no longer looks unusually strong. x2
Robin roars a battlecry!
The goblins go into a battle-frenzy!
The goblin attacks as you move away! The goblin hits you with a +0 club.
The goblin attacks as you move away! The goblin hits you with a +0 club.
You die...

...# #..##
##.......## #?#.
##.# #.## ##.....##
.... ##.# #.#
##...## .... ##.#
#.# #######'##
...?. #.# #.#
#......g.# .....
##.# #.#
#.....g..####.....
...# #.#
#.##.........# ####
#.####.##.#...###.#
#.....@gg......#
######........##
#.#####.## #.. ..#
#### ##


You could see a hobgoblin (strong) and a goblin (strong).

Vanquished Creatures
  An adder (D:2)
  2 dart slugs (D:2)
  3 ball pythons
  An endoplasm (D:2)
  6 goblins (D:2)
  3 hobgoblins
  3 jackals (D:2)
  A quokka (D:1)
  2 bats
  2 frilled lizards (D:2)
  2 rats
26 creatures vanquished.

Notes
Turn   | Place    | Note
-------+----------+-------------------------------------------
     0 | D:1      | Graphine the Deep Elf Conjurer began the quest for the Orb.
     0 | D:1      | Reached XP level 1. HP: 10/10 MP: 6/6
   888 | D:2      | Reached XP level 2. HP: 8/15 MP: 6/8
  1285 | D:2      | Reached XP level 3. HP: 19/19 MP: 7/10
  1499 | D:2      | Noticed Robin
  1525 | D:2      | Slain by a goblin

Illustrated notes

Levels and vault maps discovered:
D:1:      dpeg_arrival_rooms_c, layout_basic
D:2:      layout_loops_corners, uniq_robin

Skill      XL: |  1  2 |
---------------+-------+-----
Stealth        | 3 |  3.2
Dodging        | 3 |  3.0
Fighting       | |  0.2
Spellcasting   | |  3.6
Conjurations   | |  4.7

Action                     || total
---------------------------++-------
   Cast: Magic Dart        ||    50
    Use: Scroll            ||     4
         Potion            ||     2
 Armour: Robe              ||     2
  Dodge: Dodged            ||    11
